Zazza, neutral female human Tourist ------- #####......| --------- ---------------- # |.....| |.......-# @-..............| ### |...... |..^....|# d|..........<...| # |.....| |.......|# #-.............^.## |.....| ---------# ###|..............| |.....| # # --------------.- --|---- # ### ##### # # # ######### # ### ### # # ### # # ### ### #------### ### # # #|....|# # ### # %|....|# ---.-- # ----|------- #.....-# |.....#########|.......*..| |>...|############...`.| # |..........| |.....# |....|## |..........| ------ ------ ------------ Zazza the Rambler Experience level: 1 Strength: 13 Dexterity: 9 Constitution: 14 Intelligence: 13 Wisdom: 8 Charisma: 18 Health: 0(13) Energy: 3(3) Def: 1 Gold: 913 Moves: 2322 Dungeon seed: IzbwGHGmiY3TnasX Game ID: Zazza_1598796469 Your Inventory: Coins $ - 913 gold pieces Weapons a - 33 +2 darts (in quiver) H - a +0 orcish dagger (weapon in hand) I - a +0 aklys Armor e - an uncursed +0 Hawaiian shirt (being worn) n - an uncursed +0 orcish helm (being worn) r - a cursed -2 pair of leather gloves Comestibles c - 2 uncursed tripe rations d - 3 uncursed eggs g - 5 uncursed food rations z - 2 uncursed apples B - an uncursed slime mold D - an uncursed orange F - an uncursed egg K - an uncursed lichen corpse Scrolls k - 2 uncursed scrolls of magic mapping p - an uncursed scroll of genocide s - a blessed scroll of stinking cloud t - an uncursed scroll of enchant armor A - an uncursed scroll of enchant weapon G - an uncursed scroll of identify J - an uncursed scroll of gold detection Potions i - an uncursed potion of extra healing j - a blessed potion of extra healing w - a blessed potion of extra healing x - a blessed potion of oil Wands E - a wand of light (0:11) Tools l - an expensive camera (0:32) m - an uncursed credit card Gems q - an uncursed worthless piece of violet glass Spells and supernatural/magical abilities: Name Level Category Fail Memory W - pray for help -- divine ? -- Your skills at the end: Fighting Skills Weapon Skills dart [Basic] Spellcasting Skills Final Attributes: You were nominally aligned. You are dead. Vanquished creatures: 2 shriekers a kobold lord a gnome 2 geckos 4 jackals 2 foxes a kobold 4 goblins a sewer rat 5 grid bugs 4 lichens 7 newts 34 creatures vanquished. Voluntary challenges: You used a wielded weapon 1 time, starting on turn 1825. You read items or engraved 3 times, starting on turn 678. You never genocided any monsters. You never polymorphed an object. You never changed form. You used no wishes. You never split a pudding. You never wrote Elbereth's name. You never violated your personal moral code. Dungeon overview: The Dungeons of Doom: levels 1 to 6 Level 1 a long staircase Level 2 a fountain Level 3 a sink Level 4 a general store, a fountain a long staircase Level 5 <- You were here Level 6 History has recorded: On T:1 you entered the Dungeons of Doom to retrieve the Amulet of Yendor! On T:356 you reached level 2 of The Dungeons of Doom. On T:707 you reached level 3 of The Dungeons of Doom. On T:1289 you reached level 4 of The Dungeons of Doom. On T:1763 you reached level 5 of The Dungeons of Doom. On T:1854 you reached level 6 of The Dungeons of Doom. Score breakdown: Gold: 565 ( 9364 points) Experience: 1 level ( 0 points) Exploration: 6 levels ( 12.24%) ( 9682 points) Discoveries: 1 item ( 0.34%) ( 1737 points) Valuables value: (no points given unless you survive) Artifact value: 0 ( 0 points) Variety of kills: 12 monsters ( 3.15%) ( 5324 points) Turncount: 2322 turns ( -221 points) Survival: died (score multiplied by 80%) Total score: 20708 Latest messages: Where do you want to travel to? You stop. Armand is in the way! Where do you want to travel to? You stop travelling. You hear some noises. You displace Armand. You see here a lichen corpse. K - a lichen corpse. Where do you want to travel to? Where do you want to travel to? Where do you want to travel to? You hear someone counting money. Where do you want to travel to? You stop travelling. The fox bites! (7x) The door resists! The fox bites! The door opens. The fox bites! You die... Final status: Aloha Zazza the Tourist, killed by a fox... You died in The Dungeons of Doom on dungeon level 5 with 20708 points, and 913 pieces of gold, after 2322 moves. You were level 1 with a maximum of 13 hit points when you died.